 Dungeon Crawl Stone Soup version 0.32-a0-859-gb0a091d592 (webtiles) character file.

Game seed: 13837499162563121632

38 GoldenjunoSP the Vexing (level 3, 0/28 HPs)
             Began as a Gnoll Hexslinger on Mar 27, 2024.
             Was a Follower of Uskayaw.
             Succumbed to an adder's poison
             ... on level 2 of the Dungeon.
             The game lasted 00:12:13 (1426 turns).

GoldenjunoSP the Vexing (Gnoll Hexslinger)          Turns: 1426, Time: 00:12:14

Health: 0/28       AC:  0    Str:  7    XL:     3   Next: 43%
Magic:  7/7        EV: 12    Int: 14    God:    Uskayaw [*.....]
Gold:   76         SH:  0    Dex: 14    Spells: 4/7 levels left

rFire   . . .        a - +1 sling
rCold   . . .        (no shield)
rNeg    . . .        (no body armour)
rPois   .            (no helmet)
rElec   .            (no cloak)
rCorr   .            (no gloves)
SInv    .            (no boots)
Will    .....        (no amulet)
Stlth   ++           (no ring)
HPRegen 0.24/turn    (no ring)
MPRegen 0.10/turn

%: no passive effects
@: lethally poisoned (0 -> -11)
A: fangs 1, strong nose, distributed training
a: Renounce Religion, Stomp


You were on level 2 of the Dungeon.
You worshipped Uskayaw.
Uskayaw was noncommittal.
You visited 1 branch of the dungeon, and saw 2 of its levels.

You collected 76 gold pieces.

Inventory:

Hand Weapons
 a - a +1 sling (weapon)
 d - a +0 sling
 e - a +0 dagger
Armour
 c - a +0 robe
 f - a +0 chain mail
Scrolls
 h - a scroll of torment


   Skills:
 + Level 2.6 Fighting
 + Level 0.8 Short Blades
 + Level 0.8 Long Blades
 + Level 0.8 Axes
 + Level 0.8 Maces & Flails
 + Level 0.8 Polearms
 + Level 0.8 Staves
 + Level 4.5 Ranged Weapons
 + Level 0.8 Throwing
 + Level 0.8 Armour
 + Level 4.5 Dodging
 + Level 0.8 Stealth
 + Level 0.8 Shields
 + Level 0.8 Unarmed Combat
 + Level 2.8 Spellcasting
 + Level 0.5 Conjurations
 + Level 5.4 Hexes
 + Level 0.5 Summonings
 + Level 0.5 Necromancy
 + Level 0.5 Translocations
 + Level 2.1 Fire Magic
 + Level 0.5 Ice Magic
 + Level 0.5 Air Magic
 + Level 0.5 Earth Magic
 + Level 0.5 Alchemy
 + Level 1.0 Invocations
 + Level 0.8 Evocations
 + Level 0.7 Shapeshifting


You had 4 spell levels left.
You knew the following spells:

 Your Spells              Type           Power      Damage    Failure   Level
a - Jinxbite              Hex            34%        N/A       3%          2
b - Necrotise             Necr           12%        1d4       17%         1

Your spell library contained the following spells:

 Spells                   Type           Power      Damage    Failure   Level
 Sigil of Binding         Hex            17%        N/A       7%          3
 Inner Flame              Hex/Fire       12%        N/A       14%         3
 Cause Fear               Hex            8%         N/A       24%         4
 Vampiric Draining        Necr           3%         2d6       45%         3
 Dimensional Bullseye     Hex/Tloc       5%         N/A       54%         4
 Martyr's Knell           Necr/Summ      3%         N/A       86%         4
 Curse of Agony           Necr           3%         N/A       99%         5


Dungeon Overview and Level Annotations

Branches:
Dungeon (2/15)

Altars:
Uskayaw


Innate Abilities, Weirdness & Mutations

You have very sharp teeth.
Your uncanny sense of smell can sniff out nearby items.
Your experience applies equally to all skills.


Message History

You are poisoned.
The adder poisons you!
You shoot a sling bullet. The sling bullet hits the adder.
The adder is almost dead.
You feel sick. The adder barely misses you.
You can now pass through a line of other dancers.
You shoot a sling bullet.
The sling bullet hits the adder but does no damage.
The adder is almost dead.
You feel sick.
An adder comes into view.
The adder closely misses you. x2
You shoot a sling bullet.
The sling bullet closely misses the adder.
You feel sick. The adder bites you.
Fire: a) +1 sling
Press: ? - help, Q - select action, (/) - cycle Shift-Dir - straight line, f/p - adder
Aim: an adder (almost dead, 42% to hit)
You shoot a sling bullet. The sling bullet misses the adder.
You feel sick. The adder closely misses you. The adder bites you.
You are more poisoned.
The adder poisons you!
You feel sick.
You can no longer pass through a line of other dancers.
You see here a +0 club.
You feel sick. The adder attacks as it pursues you! The adder bites you.
You are more poisoned.
The adder poisons you!
* * * LOW HITPOINT WARNING * * *
You feel sick. The adder attacks as it pursues you! The adder misses you. x2
The adder completely misses you.
As you read the scroll labelled AWIUMN AQOR, it crumbles to dust.
The creatures around you are filled with an inner flame!
It was a scroll of immolation.
You feel sick. The adder barely misses you. The adder bites you.
* * * LOW HITPOINT WARNING * * *
You are more poisoned.
The adder poisons you!
You die...
Your body falls in perfect tune with the rhythm.

.######†####....
##.#..##.##
#..## #..#.##..#
#..# #..#.#.#.#
#### #..#.....#∆
∆ #).#.....#
#SS.####.#
#..>.....# ∆
#@######.# ##.##
#.#
#.##...#####>#
#.........)..#
####...#######
#...## #.#.#
#.#.# #.#†#


You could see 2 adders.

Vanquished Creatures
  2 ribbon worms (D:2)
  7 endoplasms
  2 giant cockroaches (D:1)
  3 hobgoblins
  A quokka (D:2)
  4 ball pythons
  2 bats
  6 goblins
  5 rats
32 creatures vanquished.

Notes
Turn   | Place    | Note
-------+----------+-------------------------------------------
     0 | D:1      | GoldenjunoSP the Gnoll Hexslinger began the quest for the
                  | Orb.
     0 | D:1      | Reached XP level 1. HP: 17/17 MP: 4/4
   218 | D:1      | Reached XP level 2. HP: 23/23 MP: 5/5
   662 | D:1      | Learned a level 2 spell: Jinxbite
   668 | D:1      | Learned a level 1 spell: Necrotise
   873 | D:1      | Found a faded altar of an unknown god.
   892 | D:1      | Prayed at the altar of an unknown god.
   892 | D:1      | Became a worshipper of Uskayaw the Reveller
   892 | D:1      | Reached * piety under Uskayaw
  1111 | D:2      | Reached XP level 3. HP: 28/28 MP: 5/7
  1348 | D:2      | Reached skill level 1 in Invocations
  1362 | D:2      | Reached ** piety under Uskayaw
  1426 | D:2      | Succumbed to an adder's poison

Illustrated notes

Levels and vault maps discovered:
D:1:      dpeg_arrival_solitude, layout_loops_ring, serial_glass,
          glass_columns_a, glass_columns_a, glass_columns_a, glass_columns_b,
          glass_columns_a, glass_columns_b, glass_columns_a, glass_columns_a,
          glass_columns_c, glass_columns_b, glass_columns_b, glass_columns_a,
          glass_columns_b, glass_columns_c, item_on_display_a,
          shapermc_ecumenical_altar_hornbeckon, minmay_shallow_snake_nest
D:2:      minmay_razor_zed, layout_loops_ring, minmay_cut_off

Skill      XL: |  1  2  3 |
---------------+----------+-----
Fire Magic     | 2 |  2.1
Invocations    | 1 |  1.0
Fighting       | |  2.6
Short Blades   | |  0.8
Long Blades    | |  0.8
Axes           | |  0.8
Maces & Flails | |  0.8
Polearms       | |  0.8
Staves         | |  0.8
Ranged Weapons | |  4.5
Throwing       | |  0.8
Armour         | |  0.8
Dodging        | |  4.5
Stealth        | |  0.8
Shields        | |  0.8
Unarmed Combat | |  0.8
Spellcasting   | |  2.8
Conjurations   | |  0.5
Hexes          | |  5.4
Summonings     | |  0.5
Necromancy     | |  0.5
Translocations | |  0.5
Ice Magic      | |  0.5
Air Magic      | |  0.5
Earth Magic    | |  0.5
Alchemy        | |  0.5
Evocations     | |  0.8
Shapeshifting  | |  0.7

Action                     || total
---------------------------++-------
  Melee: Dagger            ||    17
   Fire: Sling             ||   116
  Throw: Stone             ||     2
   Cast: Necrotise         ||     4
         Jinxbite          ||     4
    Use: Scroll            ||     6
         Potion            ||     2
 Armour: Robe              ||    21
         Skin              ||    11
  Dodge: Dodged            ||    47

Table legend: (Time is in decaauts)
 A = Elapsed time spent in this place.
 B = Non-inter-level travel time spent in this place.
 C = Inter-level travel time spent in this place.
 D = Time resting spent in this place.
 E = Time spent auto-exploring this place.
 F = Levels seen in this place.
 G = Mean time per level.
                   A        B        C        D        E       F      G
               +--------+--------+--------+--------+--------+-----+--------+
         Total |   1454 |   1305 |    149 |      0 |    599 |   2 |  727.0 |
       Dungeon |   1454 |   1305 |    149 |      0 |    599 |   2 |  727.0 |
               +--------+--------+--------+--------+--------+-----+--------+

Top non-repeatable levels by time:
     D:1: 1055 daAuts
     D:2: 398 daAuts
